 Dungeon Crawl Stone Soup version 0.29-a0-22-gbf593b16ee (webtiles) character file.

Game seed: 4352579691358064640

1337 ragingrage the Firebug (level 8, -3/67 HPs)
             Began as an Ogre Fire Elementalist on Jan 29, 2022.
             Slain by Edmund (14 damage)
             ... on level 4 of the Dungeon.
             The game lasted 00:08:47 (7681 turns).

ragingrage the Firebug (Ogre Fire Elementalist)     Turns: 7681, Time: 00:08:47

Health: -3/67      AC:  3    Str: 13    XL:     8   Next: 61%
Magic:  11/11      EV:  9    Int: 18    God:
Gold:   193        SH:  0    Dex:  9    Spells: 5/11 levels left

rFire   . . .      SeeInvis .   h - +0 mace
rCold   . . .      Faith    .   (no shield)
rNeg    . . .      Spirit   .   a - +0 robe
rPois   .          Reflect  .   (helmet restricted)
rElec   .          Harm     .   (no cloak)
rCorr   .          Rampage  .   (gloves unavailable)
Will    .....                   (boots unavailable)
Stlth   +.........              (no amulet)
HPRegen 0.21/turn               (no ring)
MPRegen 0.12/turn               (no ring)

@: no status effects
A: large, unfitting armour, tough skin 1
a: no special abilities


You were on level 4 of the Dungeon.
You visited 1 branch of the dungeon, and saw 5 of its levels.
You also visited: Ossuary.

You collected 193 gold pieces.

Inventory:

Hand Weapons
 h - a +0 mace (weapon)
Missiles
 e - 8 poisoned darts
 k - a throwing net
Armour
 a - a +0 robe (worn)
Wands
 i - a wand of flame (21)
Scrolls
 b - 4 scrolls of identify {unknown}
 d - a scroll of vulnerability {unknown}
 f - 2 scrolls of amnesia {unknown}
 j - a scroll of noise {unknown}
 n - 3 scrolls of enchant armour {unknown}
 p - a scroll of holy word {unknown}
 r - a scroll of enchant weapon {unknown}
 v - 2 scrolls of teleportation {unknown}
 w - a scroll of blinking {unknown}
Potions
 c - 3 potions of curing {unknown}
 g - a potion of magic
 l - a potion of might {unknown}
 m - a potion of haste {unknown}
 o - a potion of invisibility {unknown}
 q - a potion of degeneration {unknown}
 s - a potion of berserk rage {unknown}
 t - a potion of attraction {unknown}
 u - a potion of resistance {unknown}


   Skills:
 - Level 1.7 Dodging
 - Level 1.4 Stealth
 - Level 2.4 Spellcasting
 + Level 6.6 Conjurations
 + Level 7.2 Fire Magic


You had 5 spell levels left.
You knew the following spells:

 Your Spells              Type           Power      Damage    Failure   Level
a - Foxfire               Conj/Fire      100%       2x1d9     1%          1
b - Scorch                Fire           56%        2d8       1%          2
c - Conjure Flame         Conj/Fire      27%        6-21      3%          3

Your spell library contained the following spells:

 Spells                   Type           Power      Damage    Failure   Level
 Flame Wave               Conj/Fire      27%        2d7       10%         4
 Inner Flame              Hex/Fire       15%        N/A       12%         3
 Animate Skeleton         Necr           4%         N/A       17%         1
 Pain                     Necr           8%         1d4       17%         1
 Sting                    Tmut/Pois      8%         1d3       17%         1
 Ensorcelled Hibernation  Hex/Ice        4%         N/A       26%         2
 Passwall                 Tmut/Erth      1%         N/A       26%         2
 Poisonous Vapours        Pois/Air       4%         N/A       26%         2
 Summon Guardian Golem    Hex/Summ       2%         N/A       45%         3
 Swiftness                Air            2%         N/A       45%         3
 Vampiric Draining        Necr           2%         2d6       45%         3
 Cause Fear               Hex            1%         N/A       86%         4
 Olgreb's Toxic Radiance  Pois           2%         N/A       86%         4
 Orb of Destruction       Conj           12%        9d7       100%        7
 Spellforged Servitor     Conj/Summ      7%         N/A       100%        7
 Discord                  Hex            1%         N/A       100%        8


Dungeon Overview and Level Annotations

Branches:
Dungeon (5/15)            Ossuary (visited)
 Temple: D:4-7

Altars:
Ru

Shops:
D:1 *

Annotations:
D:2 exclusion: downstairs
D:4 Edmund
D:5 Pikel


Innate Abilities, Weirdness & Mutations

You are too large for most types of armour.
You have tough skin. (AC +1)


Message History

Edmund hits you with a +4 dire flail of protection!
Casting: Foxfire (safe; 1% risk of failure)
Confirm with . or Enter, or press ? or * to list all spells.
Flames lash Edmund.
Edmund is severely wounded.
Edmund's fire resistance burns away.
The foxfire hits Edmund.
Edmund is burned terribly!
Edmund is severely wounded.
The foxfire hits Edmund but does no damage.
Edmund is severely wounded.
Edmund hits you with a +4 dire flail of protection!
Casting: Scorch (safe; 1% risk of failure)
Confirm with . or Enter, or press ? or * to list all spells.
You conjure some foxfire!
Edmund hits you with a +4 dire flail of protection!
That's the wrong kind of item! (Use * to select it.) Evoke which item? (* to show all) (? for menu, Esc to quit)
Huh?
Evoke which item? (* to show all) (? for menu, Esc to quit)
Aiming: Throw Flame
Press: ? - help, Shift-Dir - straight line, f - Edmund
Aim: Edmund, wielding a +4 dire flail of protection and wearing a +3 leather armour of poison resistance (severely wounded, more vulnerable to fire, ally target, 68% to hit)
The puff of flame hits Edmund but does no damage.
Edmund is severely wounded.
The foxfire hits Edmund but does no damage.
Edmund is severely wounded.
The foxfire hits Edmund but does no damage.
Edmund is severely wounded.
Edmund closely misses you.
Aiming: Throw Flame
Press: ? - help, Shift-Dir - straight line, f/p - Edmund
Aim: Edmund, wielding a +4 dire flail of protection and wearing a +3 leather armour of poison resistance (severely wounded, more vulnerable to fire, 68% to hit)
The puff of flame hits Edmund but does no damage.
Edmund is severely wounded.
Edmund is no longer more vulnerable to fire.
Edmund hits you with a +4 dire flail of protection!
* * * LOW HITPOINT WARNING * * *
It was a potion of magic.
Magic courses through your body.
Edmund hits you with a +4 dire flail of protection!
You die...

.....# #.##.#### #.# #.# .....#
#.##....###.########.#
.....#####.##.#...............#
..<..............###.#######..#
...).......##.##.# #.# #..#
##.#.#######...#.# #.# #..#
#.#........###..# #.# #..#
##.#........# #..###.# #..#
...########†###.@@...#######..#
#### ##...#..............#
#################.#### #.....
######


You could see Edmund.

Vanquished Creatures
  Grinder (D:4)
  2 ogres (D:4)
  2 lemures
  A phantom (D:2)
  An elf zombie (Ossuary)
  A bullfrog (D:4)
  3 elf skeletons (D:5)
  A water moccasin skeleton (D:4)
  A human zombie (Ossuary)
  3 centaur zombies
  A jelly (D:4)
  An iguana (D:4)
  4 hound zombies (Ossuary)
  3 mummies (Ossuary)
  4 gnolls (D:3)
  6 adders
  A white imp (D:5)
  3 adder zombies (Ossuary)
  6 worms
  5 dart slugs
  2 orcs
  A ball python (D:2)
  11 bats
  14 endoplasms
  2 giant cockroaches
  A gnoll zombie (Ossuary)
  7 goblins
  7 hobgoblins
  4 jackals (D:3)
  6 quokkas
  3 frilled lizards
  9 goblin zombies (Ossuary)
  5 hobgoblin zombies (Ossuary)
  9 kobolds
  A kobold zombie (Ossuary)
  2 orc skeletons (D:5)
  2 orc zombies
  2 quokka zombies (Ossuary)
  4 rats
  2 rat zombies (Ossuary)
144 creatures vanquished.

Vanquished Creatures (others)
  663 foxfires
663 creatures vanquished.

Grand Total: 807 creatures vanquished

Notes
Turn   | Place    | Note
-------+----------+-------------------------------------------
     0 | D:1      | ragingrage the Ogre Fire Elementalist began the quest for
                  | the Orb.
     0 | D:1      | Reached XP level 1. HP: 16/16 MP: 3/3
    19 | D:1      | Reached skill level 1 in Conjurations
   162 | D:1      | Reached XP level 2. HP: 24/24 MP: 1/5
   207 | D:1      | Reached skill level 3 in Fire Magic
   308 | D:1      | Found Uthrum's General Store.
   309 | D:1      | Found a faded altar of an unknown god.
   635 | D:1      | Reached XP level 3. HP: 31/31 MP: 3/6
  1900 | D:2      | Noticed a phantom
  1922 | D:2      | Killed a phantom
  1923 | D:2      | Reached skill level 4 in Fire Magic
  1923 | D:2      | Reached XP level 4. HP: 15/39 MP: 0/7
  1923 | D:2      | Reached XP level 5. HP: 17/45 MP: 0/8
  1926 | D:2      | Learned a level 2 spell: Scorch
  1930 | D:2      | Learned a level 3 spell: Conjure Flame
  3381 | D:3      | Reached XP level 6. HP: 42/53 MP: 0/9
  4490 | D:4      | Reached skill level 5 in Fire Magic
  4651 | D:4      | Reached XP level 7. HP: 59/59 MP: 2/10
  4812 | D:4      | Found a sacrificial altar of Ru.
  4946 | D:4      | Identified the +1 leather armour of Absence {+Blink rCorr}
  5270 | D:4      | Reached skill level 5 in Conjurations
  5386 | D:4      | Noticed Grinder
  5387 | D:4      | Noticed Edmund
  5392 | D:4      | Killed Grinder
  5393 | D:4      | Reached skill level 6 in Fire Magic
  5407 | D:5      | Entered Level 5 of the Dungeon
  5568 | D:5      | Reached XP level 8. HP: 61/67 MP: 4/11
  5813 | D:5      | Found a sand-covered staircase.
  5841 | Ossuary  | Entered an ossuary
  7066 | D:5      | Reached skill level 7 in Fire Magic
  7438 | D:5      | Noticed Pikel
  7681 | D:4      | Slain by Edmund

Illustrated notes

Levels and vault maps discovered:
D:1:      onia_arrival_pyramid, layout_basic, hellmonk_ecumenical_altar_blasted,
          serial_shops, nicolae_shop_advertising_works
          [nicolae_subvault_shop_adworks], minmay_misc_feat_rows
D:2:      layout_loops_ring
D:3:      layout_rooms, grunt_decor_arrowhead
D:4:      layout_loops_ring, mainiacjoe_overflow_brackets, uniq_edmund,
          uniq_grinder
D:5:      layout_basic, nicolae_ossuary_entry_catacombs, uniq_pikel

Skill      XL: |  1  2  3  4  5  6  7  8 |
---------------+-------------------------+-----
Conjurations   | 1 3 4 5 6 |  6.6
Fire Magic     | 3 4 5 6 7 |  7.2
Dodging        | |  1.7
Stealth        | |  1.4
Spellcasting   | |  2.4

Action                   |  1- 3 |  4- 6 |  7- 9 || total
-------------------------+-------+-------+-------++-------
Melee: Unarmed           |    31 |    12 |       ||    43
       Punch             |     1 |     2 |       ||     3
       Mace              |       |    14 |    29 ||    43
 Cast: Foxfire           |    89 |   152 |   160 ||   401
       Scorch            |       |     1 |    38 ||    39
Evoke: Wand              |       |       |     3 ||     3
  Use: Potion            |       |       |     1 ||     1
 Stab: Sleeping          |       |       |     1 ||     1
Armor: Robe              |    14 |    15 |    30 ||    59
Dodge: Dodged            |    21 |    21 |    39 ||    81

Table legend: (Time is in decaauts)
 A = Elapsed time spent in this place.
 B = Non-inter-level travel time spent in this place.
 C = Inter-level travel time spent in this place.
 D = Time resting spent in this place.
 E = Time spent auto-exploring this place.
 F = Levels seen in this place.
 G = Mean time per level.
                   A        B        C        D        E       F      G
               +--------+--------+--------+--------+--------+-----+--------+
         Total |   7699 |   7525 |    174 |   1999 |   4183 |   6 | 1283.2 |
       Dungeon |   6485 |   6311 |    174 |   1489 |   3685 |   5 | 1297.0 |
       Ossuary |   1214 |   1214 |      0 |    510 |    498 |   1 | 1214.0 |
               +--------+--------+--------+--------+--------+-----+--------+

Top non-repeatable levels by time:
     D:1: 1757 daAuts
     D:4: 1514 daAuts
     D:2: 1267 daAuts
 Ossuary: 1214 daAuts
     D:3: 1095 daAuts
     D:5: 850 daAuts
